 Dungeon Crawl Stone Soup version 0.25-a0-35-g747a2b3c0c (webtiles) character file.

Game seed: 17533549695715591637, levelgen mode: deterministic

106 Linust the Shooter (level 4, -2/36 HPs)
             Began as a Centaur Hunter on Oct 19, 2019.
             Slain by an orc priest
             ... wielding a +0 flail
              (8 damage)
             ... on level 3 of the Dungeon.
             The game lasted 00:11:53 (1975 turns).

Linust the Shooter (Centaur Hunter)                 Turns: 1975, Time: 00:11:53

Health: -2/36      AC:  4    Str: 15    XL:     4   Next: 55%
Magic:  4/4        EV:  9    Int: 10    God:
Gold:   89         SH:  0    Dex: 10    Spells: 3/3 levels left

rFire    . . .     SeeInvis .   b - +0 short sword
rCold    . . .     Gourm    .   (no shield)
rNeg     . . .     Faith    .   c - +0 leather armour
rPois    .         Spirit   .   (no helmet)
rElec    .         Reflect  .   (no cloak)
rCorr    .         Harm     .   (no gloves)
MR       .....                  (no barding)
Stlth    +.........             (no amulet)
HPRegen  0.12/turn              (no ring)
MPRegen  0.09/turn              (no ring)

@: very quick
A: large, hooves 3, deformed body, speed 2, tough skin 3
a: no special abilities


You were on level 3 of the Dungeon.
You were hungry.

You visited 1 branch of the dungeon, and saw 3 of its levels.

You collected 89 gold pieces.

Inventory:

Hand Weapons
 a - a +1 shortbow
 b - a +0 short sword (weapon)
Missiles
 m - 2 atropa-tipped darts (quivered)
Armour
 c - a +0 leather armour (worn)
Wands
 i - a wand of iceblast (7)
Scrolls
 g - a scroll of identify
Potions
 d - a potion of ambrosia {unknown}
 h - a potion of agility {unknown}
 j - a potion of brilliance {unknown}
 k - 2 potions of curing
 l - a potion of lignification {unknown}
 o - a potion of degeneration {unknown}
Comestibles
 f - 2 rations


   Skills:
 - Level 2.0 Fighting
 + Level 0.1 Short Blades
 * Level 7.7 Bows
 + Level 0.8 Throwing
 + Level 0.2 Armour
 - Level 1.3 Dodging
 + Level 0.4 Stealth


You had 3 spell levels left.
You didn't know any spells.
Your spell library was empty.

Dungeon Overview and Level Annotations

Branches:
Dungeon (3/15)

Altars:


Innate Abilities, Weirdness & Mutations

You have hooves in place of feet.
Armour fits poorly on your strangely shaped body.
You cover ground very quickly.
You have extremely tough skin. (AC +3)


Message History

The orc priest hits you with a +0 flail.
You hit the orc priest but do no damage.
Your kick misses the orc priest.
The orc priest is lightly wounded.
The orc priest mumbles some strange prayers to Beogh against you.
Beogh smites you!
You hit the orc priest but do no damage.
The orc priest is lightly wounded.
The orc priest hits you with a +0 flail!
* * * LOW HITPOINT WARNING * * *
A rat comes into view.
Throwing (i - inventory)
m - 3 atropa-tipped darts (quivered)
Press: ? - help, Shift-Dir - straight line, f/p - orc priest
Aim: an orc priest, wielding a +0 flail and wearing a +0 leather armour (lightly wounded, chance to blind on hit: 75%)
You throw an atropa-tipped dart.
The atropa-tipped dart hits the orc priest.
The orc priest appears confused.
The orc priest is lightly wounded.
The orc priest hits you with a +0 flail!
You die...

..............#######
..........(######...#
................(...###
............(....(.....
..#.#+####.......#####
##### ##....(.#
##..((.# ###.(.# #..@#
#.)o....... #
#........... ##
#........... .#
#.........## .###
#...####r... .... +...
.... ### #... ... #


You could see an orc priest (confused) and a rat.

Vanquished Creatures
  A hound (D:2)
  3 adders
  A worm (D:2)
  3 dart slugs (D:2)
  A leopard gecko (D:2)
  3 orcs (D:3)
  3 bats
  2 giant cockroaches (D:2)
  2 goblins
  4 hobgoblins
  A ball python (D:1)
  5 frilled lizards
  7 kobolds
  4 rats
40 creatures vanquished.

Notes
Turn   | Place    | Note
-------+----------+-------------------------------------------
     0 | D:1      | Linust the Centaur Hunter began the quest for the Orb.
     0 | D:1      | Reached XP level 1. HP: 17/17 MP: 1/1
   576 | D:1      | Reached skill level 6 in Bows
   576 | D:1      | Reached XP level 2. HP: 24/24 MP: 2/2
   872 | D:2      | Reached XP level 3. HP: 27/29 MP: 3/3
   933 | D:2      | Reached skill level 7 in Bows
  1004 | D:2      | Reached XP level 4. HP: 28/36 MP: 4/4
  1975 | D:3      | Slain by an orc priest

Levels and vault maps discovered:
D:1:      dpeg_arrival_arbitrary_b, layout_basic, minmay_misc_feat_chi
D:2:      minmay_inner_zag, layout_loops_ring
D:3:      layout_basic, chequers_temple_overflow_minitemple, okawaru_gym_becter,
          uniq_robin

Skill      XL: |  1  2  3 |
---------------+----------+-----
Bows           | 6 7 |  7.7
Fighting       | |  2.0
Short Blades   | |  0.1
Throwing       | |  0.8
Armour         | |  0.2
Dodging        | |  1.3
Stealth        | |  0.4

Action                   |  1- 3 |  4- 6 || total
-------------------------+-------+-------++-------
Melee: Short sword       |       |    16 ||    16
       Kick              |       |     2 ||     2
 Fire: Shortbow          |    75 |    40 ||   115
Throw: Dart              |       |    18 ||    18
  Use: Scroll            |       |     2 ||     2
  Eat: Chunk             |       |     1 ||     1
Armor: Leather armour    |     5 |    11 ||    16
Dodge: Dodged            |     7 |    16 ||    23

Table legend:
 A = Non-vault XP
 B = Vault XP
 C = Vault XP percentage of total XP
 D = Non-vault monster count
 E = Vault monster count
 F = Vault count percentage of total count
                 A         B        C        D         E       F
            +---------+---------+-------+---------+---------+-------
      Total |     145 |       7 |   4.6 |      36 |       4 |  10.0
            +---------+---------+-------+---------+---------+-------
        D:1 |      13 |       0 |   0.0 |       8 |       0 |   0.0
        D:2 |      89 |       7 |   7.3 |      17 |       4 |  19.0
        D:3 |      43 |       0 |   0.0 |      11 |       0 |   0.0
            +---------+---------+-------+---------+---------+-------
